 Dungeon Crawl Stone Soup version 0.31.0-12-g77e489cdc1 (webtiles) character file.

Game seed: 9101125053226687707

859 Brozuf the Ruffian (level 7, -6/70 HPs)
             Began as a Troll Shapeshifter on Feb 19, 2024.
             Was an Initiate of Trog.
             Mangled by a gnoll sergeant
             ... wielding a +1 spear of venom
              (10 damage)
             ... on level 5 of the Dungeon.
             The game lasted 00:07:44 (3765 turns).

Brozuf the Ruffian (Troll Shapeshifter)             Turns: 3765, Time: 00:07:45

Health: -6/70      AC:  4    Str: 25    XL:     7   Next: 71%
Magic:  6/6        EV:  9    Int:  6    God:    Trog [......]
Gold:   192        SH:  0    Dex:  9    Spells: 6/6 levels left

rFire   . .          .
                       - Unarmed
rCold   . . .        (no shield)
rNeg    . . .        a - +0 animal skin
rPois   .            (helmet currently unavailable)
rElec   .            (cloak currently unavailable)
rCorr   .            (gloves unavailable)
SInv    .            (boots unavailable)
Will    .....        (no amulet)
Stlth   +            (no ring)
HPRegen 1.11/turn    (no ring)
MPRegen 0.10/turn

%: no passive effects
@: lethally poisoned (-6 -> -10), beast-form
A: beast (slay +3), large, unfitting armour, claws 3, regeneration 1, shaggy fur
1, tough skin 1
a: Begin Untransformation, Renounce Religion


You were on level 5 of the Dungeon.
You worshipped Trog.
Trog was noncommittal.
You were a hulking beast.
You visited 1 branch of the dungeon, and saw 5 of its levels.

You collected 192 gold pieces.

Inventory:

Missiles
 g - a throwing net (quivered)
Armour
 a - a +0 animal skin (worn)
Talismans
 c - a beast talisman
 d - a flux talisman
Wands
 m - a wand of flame (24)
 p - a wand of roots (10)
Scrolls
 e - a scroll of teleportation
 f - a scroll of immolation {unknown}
 h - a scroll of blinking
 j - a scroll of fear
Potions
 b - 3 potions of lignification
 i - 2 potions of brilliance {unknown}
 k - 2 potions of attraction
 l - a potion of heal wounds {unknown}
 n - 2 potions of curing {unknown}
 o - a potion of enlightenment {unknown}
 q - a potion of mutation {unknown}
 s - a potion of magic {unknown}


   Skills:
 + Level 4.1 Fighting
 - Level 1.9 Dodging
 + Level 5.7 Unarmed Combat
 + Level 5.4 Shapeshifting


You had 6 spell levels left.
You didn't know any spells.
Your spell library was empty.

Dungeon Overview and Level Annotations

Branches:
Dungeon (5/15)
 Temple: D:4-7

Altars:
Dithmenos
Elyvilon
Fedhas
Okawaru
Trog
Uskayaw
Wu Jian
The Shining One


Innate Abilities, Weirdness & Mutations

You are a hulking beast.
Your limbs bulge with bestial killing power. (Slay +3)
You are too large for most types of armour.
You have claws for hands.
Your natural rate of healing is unusually fast.
You are covered in fur. (AC +1)
You have tough skin. (AC +1)


Message History

Unknown command.
Unknown command.
You feel sick.
You feel sick.
The gnoll sergeant attacks as it pursues you!
The gnoll sergeant hits you from afar with a +1 spear of venom!
You are more poisoned.
You feel very sick.
You feel very sick.
You feel very sick.
You feel sick.
You feel sick.
You feel sick.
You feel sick.
You feel sick.
You feel sick.
You feel sick.
The gnoll sergeant attacks as it pursues you!
The gnoll sergeant hits you but does no damage.
You are more poisoned.
You feel sick.
The gnoll sergeant attacks as it pursues you!
The gnoll sergeant hits you from afar with a +1 spear of venom!
* * * LOW HITPOINT WARNING * * *
You are lethally poisoned!
* * * LOW HITPOINT WARNING * * *
You feel very sick.
Unknown command.
Unknown command.
Unknown command.
Aiming: Fastroot
Press: ? - help, Shift-Dir - straight line, f - gnoll sergeant
Aim: a gnoll sergeant, wielding a +1 spear of venom, wearing a +0 scale mail and wearing a +0 buckler The roots erupt in riotous growth!
Roots grab the gnoll sergeant.
The grasping roots constrict the gnoll sergeant.
* * * LOW HITPOINT WARNING * * *
You feel very sick.
The gnoll sergeant hits you from afar with a +1 spear of venom!
You die...

.##.........#..##.##.......#
.....#.#.#..............##.######
####.#.........#..##.#.#.#.#.....
#.##..#.###.#..#...###....####
#.##........#..#..#.#.#.###
#.......#####.....#..##.#
###...### #...........# #...#
##..#####.### #.(.#
####h....###.######
#####...####gg.......##......#
##........g...##...#..##......#
.......>....g.##..............#
##...........###.#.#.####.....#
#####...##### #.#.#.# #.....###
#...# #.....# ####..... #...#
###.### #.#### #...# #.# ###.####


You could see a gnoll sergeant (rooted) and 3 gnolls.

Vanquished Creatures
  A water moccasin (D:5)
  2 phantoms
  A bullfrog (D:5)
  A scorpion (D:4)
  A howler monkey (D:5)
  2 bombardier beetles
  A jelly (D:5)
  5 hounds
  A sleepcap (D:5)
  2 iguanas
  Robin (D:4)
  A gnoll (D:5)
  2 adders (D:3)
  2 dart slugs (D:3)
  2 ribbon worms
  7 orcs
  4 bats
  9 endoplasms
  4 giant cockroaches
  16 goblins
  3 hobgoblins
  5 jackals (D:3)
  4 quokkas
  2 ball pythons
  2 frilled lizards
  5 kobolds
  3 rats
89 creatures vanquished.

Notes
Turn   | Place    | Note
-------+----------+-------------------------------------------
     0 | D:1      | Brozuf the Troll Shapeshifter began the quest for the Orb.
     0 | D:1      | Reached XP level 1. HP: 18/18 MP: 0/0
    80 | D:1      | Reached skill level 1 in Fighting
    92 | D:1      | You fall into a shaft and drop 1 floor!
   117 | D:2      | Reached XP level 2. HP: 25/27 MP: 1/1
   177 | D:2      | Found a blossoming altar of Fedhas.
   507 | D:3      | Reached XP level 3. HP: 33/33 MP: 2/2
  1329 | D:3      | Reached XP level 4. HP: 42/42 MP: 3/3
  1418 | D:3      | Found a glowing golden altar of the Shining One.
  1418 | D:3      | Found a shadowy altar of Dithmenos.
  1766 | D:3      | Reached XP level 5. HP: 49/49 MP: 4/4
  1786 | D:3      | Noticed a black bear
  2019 | D:4      | Noticed a phantom
  2232 | D:4      | Noticed Robin
  2574 | D:3      | Killed a phantom
  2575 | D:3      | Reached XP level 6. HP: 37/59 MP: 5/5
  2770 | D:4      | Killed Robin
  3054 | D:5      | Entered Level 5 of the Dungeon
  3155 | D:5      | Found a blossoming altar of Fedhas.
  3159 | D:5      | Found an ornate altar of the Wu Jian Council.
  3167 | D:5      | Found a bloodstained altar of Trog.
  3180 | D:5      | Found a white marble altar of Elyvilon.
  3182 | D:5      | Became a worshipper of Trog the Wrathful
  3184 | D:5      | Found a hide-covered altar of Uskayaw.
  3188 | D:5      | Found an iron altar of Okawaru.
  3197 | D:5      | Reached skill level 5 in Unarmed Combat
  3274 | D:5      | Reached XP level 7. HP: 67/67 MP: 6/6
  3280 | D:5      | Reached skill level 5 in Shapeshifting
  3765 | D:5      | Mangled by a gnoll sergeant

Illustrated notes

Levels and vault maps discovered:
D:1:      ncdulo_smallfort, layout_basic, chequers_avenue
D:2:      layout_rooms, basic_altar, corexii_corridor_pit
D:3:      layout_basic, gammafunk_temple_overflow_elements,
          minmay_misc_feat_encased
D:4:      layout_rooms, uniq_robin
D:5:      layout_loops_cross, nicolae_overflow_hallway_of_the_gods,
          grunt_ministairs_12

Skill      XL: |  1  2  3  4  5  6  7 |
---------------+----------------------+-----
Fighting       | 1 2 3 4 |  4.1
Unarmed Combat | 4 5 |  5.7
Shapeshifting  | 4 5 |  5.4
Dodging        | |  1.9

Action                     |  1- 3 |  4- 6 |  7- 9 || total
---------------------------+-------+-------+-------++-------
  Melee: Unarmed           |    69 |   127 |    17 ||   213
         Punch             |     3 |     3 |       ||     6
  Evoke: Wand              |       |       |     1 ||     1
    Use: Scroll            |       |    10 |       ||    10
 Armour: Animal skin       |    45 |    96 |    13 ||   154
  Dodge: Dodged            |    25 |    70 |     4 ||    99
